[Event "Titled Tuesday Blitz March 29 Early 2022"]
[White "Martin Duque, Jesus"]
[Black "Sarana, Alexey"]
[WhiteFideId "2208954"]
[BlackFideId "24133795"]
[WhiteElo "2243"]
[BlackElo "2666"]
[Result "0-1"]
[Round "01"]
[TimeControl "180+1"]
[Date "2022.03.29"]
[WhiteClock "0:00:02"]
[BlackClock "0:00:25"]

1. Nf3 d5 2. b3 Bf5 3. Bb2 Nf6 4. g3 h6 5. Bg2 e6 6. d3 Be7 7. Nbd2 Bh7 8. O-O O-O 9. Re1 c5 10. Ne5 a5 11. a4 Nfd7 12. e4 Nxe5 13. Bxe5 Nc6 14. Bb2 Nb4 15. exd5 exd5 16. Nf3 Bf6 17. Ne5 Re8 18. f4 Qd6 19. Rc1 Rad8 20. Qh5 Bg6 21. Qf3 Bf5 22. Qh5 Bg6 23. Qf3 Nc6 24. Nxc6 bxc6 25. Bxf6 Qxf6 26. Qf2 Qc3 27. Kf1 Bf5 28. h3 h5 29. Kg1 g6 30. Kf1 Kg7 31. Kg1 Rb8 32. Kf1 Bd7 33. Kg1 Be6 34. Kf1 Bf5 35. Kg1 Rxe1+ 36. Qxe1 Qxe1+ 37. Rxe1 Kf6 38. Kf2 Rb4 39. h4 c4 40. dxc4 dxc4 41. Bxc6 cxb3 42. cxb3 Rxb3 43. Re3 Rb2+ 44. Re2 Rb4 45. Re5 Rb2+ 46. Re2 Rb6 47. Be8 Bg4 48. Rc2 Rb3 49. Rc6+ Ke7 50. Bxf7 Kxf7 51. Rc5 Rb2+ 52. Ke3 Rg2 53. Rxa5 Rxg3+ 54. Ke4 Bf5+ 55. Ke5 Re3+ 56. Kd6 Re4 57. Ra7+ Kf6 58. a5 Rxf4 59. a6 Ra4 60. Ra8 Kg7 61. a7 Be4 62. Re8 Bh1 63. Re1 Ba8 64. Re7+ Kf6 65. Rc7 Rxh4 66. Kd7 Ra4 67. Kc8 h4 68. Kb8 Be4 69. Rc4 Rxc4 0-1


[Site "https://www.chess.com"]

[Event "Titled Tuesday Blitz March 29 Early 2022"]
[White "Matinian, Nikita"]
[Black "Lopez Gracia, Fernando"]
[WhiteFideId "24129100"]
[BlackFideId "2207184"]
[WhiteElo "2422"]
[BlackElo "2433"]
[Result "1-0"]
[Round "01"]
[TimeControl "180+1"]
[Date "2022.03.30"]
[WhiteClock "0:00:44"]
[BlackClock "0:00:09"]

1. e4 e5 2. Nf3 Nc6 3. Bb5 a6 4. Ba4 Nf6 5. d3 Bc5 6. c3 b5 7. Bb3 d6 8. Bg5 h6 9. Bh4 g5 10. Bg3 O-O 11. Nbd2 Re8 12. O-O Bg4 13. Re1 Bb6 14. h3 Bh5 15. a4 Qd7 16. axb5 axb5 17. Rxa8 Rxa8 18. Qb1 Kh8 19. d4 exd4 20. e5 g4 21. Nxd4 Nxe5 22. Rxe5 gxh3 23. Re3 hxg2 24. Bh4 Ng4 25. Qe4 Rg8 26. Rg3 Ne5 27. Bf6+ Rg7 28. Rxg7 Bxd4 29. Qh7# 1-0


[Site "https://www.chess.com"]

[Event "Titled Tuesday Blitz March 29 Early 2022"]
[White "Matsenko, Andrei"]
[Black "Shvedova, Alexandra"]
[WhiteFideId "24146501"]
[BlackFideId "54154782"]
[WhiteElo "2137"]
[BlackElo "1912"]
[Result "1-0"]
[Round "01"]
[TimeControl "180+1"]
[Date "2022.03.29"]
[WhiteClock "0:00:34"]
[BlackClock "0:00:09"]

1. e4 c5 2. Nf3 d6 3. d4 cxd4 4. Qxd4 Nf6 5. Nc3 Nc6 6. Bb5 Bd7 7. Bxc6 Bxc6 8. Bg5 e6 9. O-O-O Be7 10. Qd3 Qa5 11. Kb1 O-O 12. h4 Rfd8 13. Nd4 Rac8 14. f4 Qc7 15. g4 Nxg4 16. Qg3 h5 17. Bxe7 Qxe7 18. f5 e5 19. Nf3 b5 20. Nh2 Nxh2 21. Rxh2 b4 22. Rg2 Qf6 23. Nd5 Bxd5 24. Rxd5 Rc4 25. Qd3 Rd4 26. Rxd4 exd4 27. Rg5 Qe5 28. b3 Rc8 29. Rxh5 Rc3 30. Qe2 d3 31. cxd3 Qf4 32. Qd1 Qe3 33. Rg5 Rxd3 34. Qc1 Qxc1+ 35. Kxc1 Re3 36. f6 g6 37. h5 Rxe4 38. hxg6 fxg6 39. Rxg6+ Kf7 40. Rg7+ Kxf6 41. Rxa7 Ke6 42. Kc2 Kd5 43. Kd3 Rh4 44. Ra5+ Kc6 45. Ra6+ Kc5 46. Ra5+ Kb6 47. Rg5 Rh2 48. Kc4 Rh4+ 49. Kd5 Rh2 50. Rg4 Rxa2 51. Rxb4+ Ka5 52. Rb8 Rd2+ 53. Kc6 d5 54. b4+ Ka4 55. b5 d4 56. b6 d3 57. b7 Rc2+ 58. Kd5 d2 59. Ra8+ Kb3 60. b8=Q+ Kc3 61. Ra3# 1-0


[Site "https://www.chess.com"]

[Event "Titled Tuesday Blitz March 29 Early 2022"]
[White "Maung, Maung Kyaw Zaw Hein"]
[Black "Zakhartsov, Vladimir"]
[WhiteFideId "13001698"]
[BlackFideId "4145097"]
[WhiteElo "1785"]
[BlackElo "2433"]
[Result "0-1"]
[Round "01"]
[TimeControl "180+1"]
[Date "2022.03.30"]
[WhiteClock "0:00:17"]
[BlackClock "0:01:26"]

1. Nf3 Nf6 2. c4 e6 3. Nc3 d5 4. d4 Be7 5. Bg5 O-O 6. e3 Nbd7 7. Bd3 dxc4 8. Bxc4 a6 9. O-O b5 10. Bd3 Bb7 11. a4 b4 12. Nb1 c5 13. Nbd2 h6 14. Bh4 cxd4 15. exd4 Nd5 16. Bg3 a5 17. Nc4 Rc8 18. Qe2 Ba6 19. Nfe5 N7f6 20. Kh1 Bb7 21. f4 Ra8 22. f5 exf5 23. Rxf5 Nb6 24. Raf1 Qxd4 25. Nxb6 Qxb6 26. Rxf6 Bxf6 27. Nd7 Qe6 28. Nxf6+ gxf6 29. Qh5 Qd5 30. Qg4+ Qg5 31. Qh3 Rad8 32. Bc2 Rd2 33. Bf4 Bxg2+ 34. Kg1 Bxh3+ 35. Bxg5 fxg5 0-1


[Site "https://www.chess.com"]

[Event "Titled Tuesday Blitz March 29 Early 2022"]
[White "Meissner, Felix"]
[Black "Hartikainen, Jarmo"]
[WhiteFideId "24671827"]
[BlackFideId "503134"]
[WhiteElo "2350"]
[BlackElo "2071"]
[Result "1-0"]
[Round "01"]
[TimeControl "180+1"]
[Date "2022.03.30"]
[WhiteClock "0:01:38"]
[BlackClock "0:00:02"]

1. e4 c5 2. Nf3 Nc6 3. Bb5 g6 4. Bxc6 dxc6 5. h3 Bg7 6. d3 e5 7. Be3 b6 8. Qd2 h6 9. Qc3 Qc7 10. Nbd2 Be6 11. a3 Ne7 12. b4 cxb4 13. axb4 O-O 14. b5 Rfc8 15. bxc6 Nxc6 16. O-O Nd4 17. Bxd4 exd4 18. Qxc7 Rxc7 19. Rfc1 Rac8 20. Ne1 Bf8 21. Ra4 a5 22. Rxd4 Bb4 23. Ndf3 Ba3 24. Rb1 Ba2 25. Rxb6 Bc5 26. Rdd6 Bxb6 27. Rxb6 Rxc2 28. Nxc2 Rxc2 29. Ra6 Rc1+ 30. Kh2 Bb1 31. Ne5 Rd1 32. Rxa5 Bxd3 33. Rd5 Bc2 34. Rxd1 Bxd1 35. f3 Kg7 36. Kg3 f6 37. Nd3 Be2 38. Nb4 Bc4 39. Kf2 Kf7 40. Ke3 Ke6 41. h4 g5 42. g3 gxh4 43. gxh4 f5 44. Kf4 fxe4 45. fxe4 Be2 46. Nc2 Kf6 47. Nd4 Bd1 48. e5+ Kg6 49. Nf5 Bc2 50. Ng3 Bb3 51. Ke3 Be6 52. Kd4 Kf7 53. Kc5 Ke7 54. Kd4 Bg4 55. Ne4 h5 56. Nf6 Bd1 57. Nd5+ Ke6 58. Ne3 Bf3 59. Nf1 Bb7 60. Ng3 Bf3 61. Ke3 Bg4 62. Kf4 Bd1 63. Ne4 Bc2 64. Ng5+ 1-0


[Site "https://www.chess.com"]

[Event "Titled Tuesday Blitz March 29 Early 2022"]
[White "Mikhailovsky, Vladimir"]
[Black "Vusatiuk, Vladimir"]
[WhiteFideId "34105414"]
[BlackFideId "14118610"]
[WhiteElo "2371"]
[BlackElo "2157"]
[Result "0-1"]
[Round "01"]
[TimeControl "180+1"]
[Date "2022.03.30"]
[WhiteClock "0:00:08"]
[BlackClock "0:00:09"]

1. e4 c5 2. Nf3 Nc6 3. Bb5 g6 4. Bxc6 bxc6 5. d3 Bg7 6. O-O d6 7. h3 e5 8. Nbd2 Ne7 9. Nc4 O-O 10. a4 h6 11. Re1 Be6 12. b3 f5 13. exf5 gxf5 14. Rb1 Kh7 15. Nfxe5 dxe5 16. Nxe5 Nd5 17. Qf3 Qd6 18. Bb2 Rae8 19. Nc4 Qc7 20. Be5 Bxe5 21. Rxe5 Bc8 22. Rbe1 Rxe5 23. Rxe5 Qg7 24. Re1 f4 25. Re5 Rg8 26. Qe4+ Qg6 27. Nd6 Qxe4 28. dxe4 Bxh3 29. Kh2 Bxg2 30. exd5 Bxd5 31. Ne8 Rg2+ 32. Kh3 Rxf2 33. Nf6+ Kg6 34. Nxd5 cxd5 35. c4 dxc4 36. bxc4 Rc2 37. Rxc5 f3 38. Kg3 f2 39. Kg2 h5 40. Rc8 h4 41. c5 h3+ 42. Kf1 h2 43. Rh8 Rc1+ 44. Kg2 h1=Q+ 45. Rxh1 Rxh1 46. Kxf2 Rh2+ 47. Ke3 Rc2 48. Kd4 Kf6 49. Kd5 Ke7 50. Kc6 Kd8 51. a5 Rb2 52. a6 Kc8 53. Kd6 Rb3 54. c6 Ra3 55. Kc5 Rxa6 56. Kb5 Rb6+ 57. Kc5 Kc7 0-1


[Site "https://www.chess.com"]

[Event "Titled Tuesday Blitz March 29 Early 2022"]
[White "Mikhalsky, Vladimir"]
[Black "Steinberg, Nitzan"]
[WhiteFideId "14144352"]
[BlackFideId "2801795"]
[WhiteElo "2301"]
[BlackElo "2440"]
[Result "0-1"]
[Round "01"]
[TimeControl "180+1"]
[Date "2022.03.29"]
[WhiteClock "0:00:27"]
[BlackClock "0:01:05"]

1. c4 e6 2. g3 d5 3. Bg2 Nf6 4. Nf3 Be7 5. O-O O-O 6. b3 b6 7. Bb2 Bb7 8. d4 Nbd7 9. Nc3 c5 10. cxd5 Nxd5 11. Rc1 Rc8 12. Re1 Nxc3 13. Bxc3 Bf6 14. dxc5 Bxc3 15. Rxc3 Nxc5 16. Qc1 Qf6 17. Rc4 Bd5 18. Rf4 Qe7 19. Qb2 Rfd8 20. Rg4 f6 21. Nd4 Bxg2 22. Kxg2 f5 23. Rh4 Qf6 24. Qa1 g5 25. Nxe6 Qxa1 26. Rxa1 Nxe6 27. Ra4 Rd7 28. e4 f4 29. Kf3 h5 30. gxf4 Nxf4 31. e5 Kf7 32. Rg1 Nh3 33. Rg3 Ke6 34. Rxh3 g4+ 35. Rxg4 hxg4+ 36. Kxg4 Rg8+ 37. Kf4 Rf7+ 38. Ke3 Kxe5 39. Rh5+ Kd6 40. Rh6+ Kd7 41. f4 Rg2 42. Ke4 Rxa2 43. f5 Re2+ 44. Kd3 Rf2 45. f6 R2xf6 0-1


[Site "https://www.chess.com"]

[Event "Titled Tuesday Blitz March 29 Early 2022"]
[White "Mikhnenko, Alexander"]
[Black "Sapunov, Evgeny"]
[WhiteFideId "34143014"]
[BlackFideId "4126661"]
[WhiteElo "2184"]
[BlackElo "2470"]
[Result "1-0"]
[Round "01"]
[TimeControl "180+1"]
[Date "2022.03.30"]
[WhiteClock "0:00:33"]
[BlackClock "0:01:20"]

1. e4 c5 2. Nf3 d6 3. Bb5+ Nd7 4. O-O a6 5. Bxd7+ Bxd7 6. d4 cxd4 7. Nxd4 Nf6 8. Qe2 g6 9. c4 Bg7 10. Nc3 O-O 11. f3 Qc7 12. Be3 e6 13. Rac1 Rac8 14. b3 Rfd8 15. Rfd1 Be8 16. Kh1 Nd7 17. f4 Nf6 18. f5 Qe7 19. Bg5 h6 20. Bh4 g5 21. Bg3 e5 22. Nc2 b5 23. Ne3 Bc6 24. Ned5 Nxd5 25. Nxd5 Bxd5 26. Rxd5 Bf8 27. Rf1 bxc4 28. bxc4 Qc7 29. c5 dxc5 30. Qxa6 c4 31. Bxe5 Qe7 32. Bf6 Qxe4 33. Rxd8 Rxd8 34. Bxd8 Qd3 35. Rc1 Qxd8 36. Qxc4 Qa5 37. Rf1 Qd2 38. a4 Bd6 39. f6 Bf8 40. Qb5 Bb4 41. a5 Bf8 42. a6 Qa2 43. h3 Kh7 44. Qb1+ Qxb1 45. Rxb1 1-0


[Site "https://www.chess.com"]

[Event "Titled Tuesday Blitz March 29 Early 2022"]
[White "Moksh Amit Doshi"]
[Black "Lagunov, Evgenij"]
[WhiteFideId "25064967"]
[BlackFideId "4125363"]
[WhiteElo "2245"]
[BlackElo "2200"]
[Result "1-0"]
[Round "01"]
[TimeControl "180+1"]
[Date "2022.03.30"]
[WhiteClock "0:00:40"]
[BlackClock "0:00:02"]

1. d4 Nf6 2. c4 e6 3. Nf3 d5 4. Nc3 Be7 5. Bf4 a6 6. e3 b6 7. Bd3 Bb7 8. O-O Nbd7 9. cxd5 Nxd5 10. Nxd5 Bxd5 11. e4 Bb7 12. Re1 O-O 13. Rc1 c5 14. d5 exd5 15. exd5 Bf6 16. Qd2 Re8 17. b3 b5 18. h4 h6 19. h5 Rc8 20. Bb1 Nf8 21. d6 Bxf3 22. gxf3 Qd7 23. Kg2 c4 24. Qd5 Ne6 25. Bg3 Rc5 26. Qe4 g6 27. hxg6 Ng7 28. gxf7+ Kxf7 29. Qh7 Rg5 30. Qxh6 Nf5 31. Qh7+ Bg7 32. Rxe8 Kxe8 33. Qg8+ Bf8 34. Qxg5 1-0


[Site "https://www.chess.com"]

[Event "Titled Tuesday Blitz March 29 Early 2022"]
[White "Molina, Roberto Junio Brito"]
[Black "Batsiashvili, Nino"]
[WhiteFideId "2109450"]
[BlackFideId "13602993"]
[WhiteElo "2432"]
[BlackElo "2192"]
[Result "1/2-1/2"]
[Round "01"]
[TimeControl "180+1"]
[Date "2022.03.30"]
[WhiteClock "0:01:22"]
[BlackClock "0:01:08"]

1. d4 d5 2. c4 e6 3. Nc3 c5 4. cxd5 exd5 5. Nf3 Nf6 6. e3 Nc6 7. Be2 c4 8. O-O Bb4 9. Bd2 O-O 10. Ne5 Bf5 11. f4 Bxc3 12. Bxc3 Ne4 13. Be1 f6 14. Nxc6 bxc6 15. b3 cxb3 16. axb3 Re8 17. Qc1 Qd7 18. h3 Nd6 19. Bb4 Nb7 20. Re1 a5 21. Ba3 a4 22. bxa4 Rxa4 23. Bb2 Rxa1 24. Bxa1 Na5 25. Bc3 Nc4 26. Bf1 Be4 27. Bb4 Qf7 28. Kh2 h5 29. g3 Ra8 30. Re2 Ra4 31. Be1 Ra3 32. Bf2 Rb3 33. Re1 Qb7 34. Bxc4 dxc4 35. Qxc4+ Bd5 36. Qf1 Be4 37. Qc4+ Bd5 38. Qf1 Be4 39. Qc4+ 1/2-1/2


[Site "https://www.chess.com"]

[Event "Titled Tuesday Blitz March 29 Early 2022"]
[White "Moskalenko, Alexander"]
[Black "Odegov, Artem"]
[WhiteFideId "4155351"]
[BlackFideId "34183644"]
[WhiteElo "2475"]
[BlackElo "2286"]
[Result "0-1"]
[Round "01"]
[TimeControl "180+1"]
[Date "2022.03.29"]
[WhiteClock "0:00:08"]
[BlackClock "0:00:08"]

1. Nf3 Nf6 2. g3 d5 3. b3 c6 4. Bb2 Bf5 5. Bg2 Nbd7 6. d3 e6 7. Nh4 Bg4 8. h3 Bh5 9. g4 Bg6 10. e3 Be7 11. Nd2 Qc7 12. f4 O-O-O 13. g5 Ne8 14. Qe2 Nd6 15. Ndf3 f6 16. a4 Nf5 17. Nxf5 exf5 18. gxf6 Nxf6 19. Ne5 Bh5 20. Bf3 Bxf3 21. Qxf3 Rhe8 22. O-O-O Bb4 23. Rhg1 Qe7 24. Kb1 g6 25. Rg2 d4 26. e4 Bc3 27. Bc1 Nd7 28. Nc4 b5 29. axb5 cxb5 30. Ba3 Bb4 31. exf5 Bxa3 32. Qc6+ Kb8 33. Qxb5+ Nb6 34. Ne5 Qb7 35. Qc6 gxf5 36. Rdg1 Rc8 37. Qxb7+ Kxb7 38. Rg7+ Re7 39. R1g5 Rxg7 40. Rxg7+ Rc7 41. Rg5 Bd6 42. Rxf5 Bxe5 43. Rxe5 Kc6 44. Re4 Kd5 45. Re5+ Kd6 46. Re4 Kc5 47. Re5+ Nd5 48. Kb2 Rf7 49. f5 Kd6 50. Re6+ Kd7 51. Re5 Kc6 52. Re6+ Kc5 53. Re5 a5 54. Re8 Rxf5 55. Rc8+ Kb6 56. Rc4 Rf4 57. Rc8 Nc7 58. Rd8 Kc6 59. Ra8 Rh4 60. Rxa5 Rxh3 61. Rg5 Rh4 62. Rg7 Nd5 63. Rf7 h5 64. Rh7 Rh1 65. Rh6+ Kc5 66. Rh8 Nc3 67. Rc8+ Kd6 68. Rd8+ Ke5 69. Re8+ Kf4 70. Ka3 h4 71. Rh8 h3 72. Kb4 h2 73. Kc4 Ke3 74. Rh3+ Kd2 75. Kxd4 Ne2+ 76. Kc4 Kxc2 77. d4 Nxd4 78. Kxd4 Rd1+ 79. Kc5 h1=Q 80. Rxh1 Rxh1 81. b4 Rh5+ 82. Kc6 Rh6+ 83. Kc5 Kb3 84. b5 Ka4 85. b6 Ka5 86. b7 Rb6 87. b8=Q Rxb8 0-1


[Site "https://www.chess.com"]

[Event "Titled Tuesday Blitz March 29 Early 2022"]
[White "Muradov, Soltan"]
[Black "Kozak, Antoni"]
[WhiteFideId "14002108"]
[BlackFideId "21832030"]
[WhiteElo "1854"]
[BlackElo "2236"]
[Result "0-1"]
[Round "01"]
[TimeControl "180+1"]
[Date "2022.03.30"]
[WhiteClock "0:00:07"]
[BlackClock "0:00:15"]

1. d4 Nf6 2. Nf3 e6 3. Bf4 b6 4. e3 Bb7 5. Be2 d6 6. h3 Nbd7 7. c4 g6 8. Nc3 Bg7 9. Qc2 O-O 10. O-O-O Qe7 11. Bg5 h6 12. Bh4 a6 13. g4 c5 14. Rhg1 g5 15. Bg3 cxd4 16. Nxd4 Nc5 17. Bf3 Rfd8 18. Nc6 Bxc6 19. Bxc6 Rac8 20. Bf3 b5 21. cxb5 axb5 22. Kb1 b4 23. Nb5 d5 24. Rc1 Nfe4 25. Bxe4 dxe4 26. Rgd1 Nd3 27. Qxc8 Rxc8 28. Rxc8+ Kh7 29. Nd6 Nxb2 30. Nxe4 Nxd1 0-1


[Site "https://www.chess.com"]

[Event "Titled Tuesday Blitz March 29 Early 2022"]
[White "Nazari, Arad"]
[Black "Hoffmann, Asa"]
[WhiteFideId "12577324"]
[BlackFideId "2001470"]
[WhiteElo "2120"]
[BlackElo "2117"]
[Result "1-0"]
[Round "01"]
[TimeControl "180+1"]
[Date "2022.03.30"]
[WhiteClock "0:00:22"]
[BlackClock "0:00:20"]

1. e4 d6 2. d4 Nf6 3. Nc3 c6 4. f4 Qa5 5. Bd3 e5 6. Nf3 exd4 7. Nxd4 Qb6 8. Nf3 Be7 9. Qe2 O-O 10. Qe3 Qa5 11. O-O Ng4 12. Qe1 Re8 13. h3 Nf6 14. Qf2 d5 15. e5 Bc5 16. Be3 Nfd7 17. Ng5 h6 18. Nf3 Na6 19. a3 Bxe3 20. Qxe3 Qb6 21. Qxb6 axb6 22. b4 Nc7 23. Rfe1 b5 24. Nd4 Nb6 25. Re3 Ne6 26. Nxe6 Bxe6 27. Ne2 g6 28. Nd4 Nc4 29. Bxc4 dxc4 30. c3 Bd5 31. Kf2 Kg7 32. g4 f6 33. exf6+ Kxf6 34. Rxe8 Rxe8 35. Re1 Ra8 36. Nc2 b6 37. h4 c5 38. Kg3 Be6 39. g5+ hxg5 40. fxg5+ Kf7 41. Ra1 Bf5 42. Ne3 Ke6 43. Kf4 cxb4 44. cxb4 c3 45. Nxf5 gxf5 46. h5 Rc8 47. Re1+ Kf7 48. Kxf5 c2 49. g6+ Kf8 50. Rc1 Kg7 51. Kg5 Rc3 52. h6+ Kg8 53. Kf6 Rf3+ 54. Ke5 Rc3 55. Kd4 Rc4+ 56. Kd3 Rg4 57. Rxc2 Rxg6 58. Rh2 Kh7 59. Kd4 Rc6 60. Rh3 Rc1 61. Kd5 Rc2 62. Kd6 Rc3 63. Rh5 Rxa3 64. Rxb5 Kxh6 65. Rxb6 Kg7 66. Kc7 Kf8 67. b5 Ke8 68. Re6+ Kf7 69. Re1 Rc3+ 70. Kb7 Kf8 71. b6 1-0


[Site "https://www.chess.com"]

[Event "Titled Tuesday Blitz March 29 Early 2022"]
[White "Nguyen Hong Nhung"]
[Black "Jumabayev, Rinat"]
[WhiteFideId "12412201"]
[BlackFideId "13702661"]
[WhiteElo "1661"]
[BlackElo "2561"]
[Result "0-1"]
[Round "01"]
[TimeControl "180+1"]
[Date "2022.03.29"]
[WhiteClock "0:00:31"]
[BlackClock "0:00:44"]

1. e4 e6 2. d4 d5 3. Nc3 Nf6 4. Bg5 dxe4 5. Nxe4 Be7 6. Bxf6 gxf6 7. Qd3 f5 8. Nc3 Nc6 9. O-O-O a6 10. Nf3 Bf6 11. d5 Nb4 12. Qc4 Bxc3 13. dxe6 Bxe6 14. Rxd8+ Rxd8 15. Qe2 Nxa2+ 16. Kb1 Rd6 17. Ne5 Bxe5 18. c3 Bf6 19. Qc2 O-O 20. Bd3 Rfd8 21. Bxf5 Nxc3+ 22. bxc3 Rb6+ 23. Ka1 Bxf5 24. Qxf5 Bxc3+ 25. Ka2 Rd2+ 26. Ka3 Bb2+ 27. Ka2 Bf6+ 28. Ka3 Be7+ 29. Ka4 Ra2# 0-1


[Site "https://www.chess.com"]

[Event "Titled Tuesday Blitz March 29 Early 2022"]
[White "Nozdrachev, Leonid"]
[Black "Cramling Bellon, Anna"]
[WhiteFideId "24113433"]
[BlackFideId "32009232"]
[WhiteElo "2118"]
[BlackElo "1905"]
[Result "1-0"]
[Round "01"]
[TimeControl "180+1"]
[Date "2022.03.30"]
[WhiteClock "0:02:04"]
[BlackClock "0:00:04"]

1. e4 c5 2. c3 Nf6 3. e5 Nd5 4. Nf3 e6 5. d4 Nc6 6. c4 Ndb4 7. a3 Na6 8. d5 exd5 9. cxd5 Nd4 10. Nxd4 cxd4 11. d6 f6 12. Bc4 Qa5+ 13. b4 Qxe5+ 14. Kd2 Qf4+ 15. Kc2 Qxf2+ 16. Kb3 Bxd6 17. Qh5+ g6 18. Qd5 Be7 19. Nd2 Qe3+ 20. Ka2 d6 21. Ne4 Qf4 22. Bxf4 1-0


[Site "https://www.chess.com"]

[Event "Titled Tuesday Blitz March 29 Early 2022"]
[White "Osmonbekov, Talaibek"]
[Black "Grebeniuk, Semen"]
[WhiteFideId "2017253"]
[BlackFideId "14117509"]
[WhiteElo "2135"]
[BlackElo "2234"]
[Result "0-1"]
[Round "01"]
[TimeControl "180+1"]
[Date "2022.03.30"]
[WhiteClock "0:00:01"]
[BlackClock "0:00:13"]

1. d4 f5 2. Nc3 Nf6 3. Bg5 d5 4. e3 e6 5. Nf3 Be7 6. Be2 O-O 7. O-O Nbd7 8. Bd3 c5 9. b3 Ne4 10. Bxe7 Qxe7 11. Ne2 b6 12. c4 Bb7 13. Rc1 Rad8 14. Qc2 Qf6 15. Rfd1 g5 16. a3 Rc8 17. Qa2 Kh8 18. b4 g4 19. Ne1 Qh6 20. Bxe4 fxe4 21. Ng3 cxd4 22. Rxd4 Ne5 23. Rcd1 Nxc4 24. Qe2 Qg7 25. Nxe4 dxe4 26. Rxc4 Ba6 27. b5 Bxb5 28. Rdc1 Bxc4 29. Rxc4 Rxc4 30. Qxc4 Qf6 31. Qc2 Qf5 32. g3 Kg8 33. Ng2 e5 34. Qb3+ Qf7 35. Qb2 Qd5 36. Nh4 Kg7 37. Kg2 h5 38. h3 gxh3+ 39. Kxh3 Rc8 40. Qe2 Qf7 41. Qb5 Qe6+ 42. Kg2 Rc2 43. Qa4 Rc7 44. Qxe4 Qc6 45. Nf5+ Kf6 46. Qxc6+ Rxc6 47. e4 Rc3 48. a4 Ra3 49. f4 Rxa4 0-1


[Site "https://www.chess.com"]

[Event "Titled Tuesday Blitz March 29 Early 2022"]
[White "Ovezdurdyyeva, Jemal"]
[Black "Kozlov, Gennady"]
[WhiteFideId "14001888"]
[BlackFideId "4191668"]
[WhiteElo "1946"]
[BlackElo "2392"]
[Result "0-1"]
[Round "01"]
[TimeControl "180+1"]
[Date "2022.03.30"]
[WhiteClock "0:00:09"]
[BlackClock "0:01:15"]

1. e4 e6 2. d4 d5 3. Nc3 dxe4 4. Nxe4 Bd7 5. Nf3 Bc6 6. Bd3 Nd7 7. O-O Ngf6 8. Ng3 Bd6 9. c4 b6 10. a3 Bb7 11. b4 c5 12. dxc5 bxc5 13. Qb3 Bxf3 14. gxf3 Rb8 15. b5 h5 16. Rd1 Qc7 17. Bc2 Ne5 18. Bg5 h4 19. Nf1 Rh5 20. Bc1 Kf8 21. Kh1 Nc6 22. Bb2 Nd4 23. Bxd4 cxd4 24. Rxd4 Be5 25. Rad1 Bxd4 26. Rxd4 Kg8 27. Qd3 Qc5 28. Ne3 Rg5 29. Ng4 Nxg4 30. fxg4 g6 31. h3 Re5 32. Kg2 Rc8 33. a4 Qb4 34. Bb3 Re1 35. Bc2 Qc5 36. Rd8+ Rxd8 37. Qxd8+ Kg7 38. Bd3 Rd1 39. Bf1 Rxd8 0-1


[Site "https://www.chess.com"]

[Event "Titled Tuesday Blitz March 29 Early 2022"]
[White "Pajeken, Jakob Leon"]
[Black "Sahil, Tickoo"]
[WhiteFideId "12942839"]
[BlackFideId "5019710"]
[WhiteElo "2351"]
[BlackElo "2099"]
[Result "1-0"]
[Round "01"]
[TimeControl "180+1"]
[Date "2022.03.30"]
[WhiteClock "0:00:15"]
[BlackClock "0:00:04"]

1. e4 c5 2. Nf3 d6 3. d4 cxd4 4. Nxd4 Nf6 5. Nc3 a6 6. Be3 e5 7. Nf3 Qc7 8. a4 Nbd7 9. Nd2 Nc5 10. Bg5 Be7 11. Bxf6 Bxf6 12. Nd5 Qd8 13. b4 Ne6 14. Bc4 O-O 15. O-O Bd7 16. a5 Rc8 17. Nb6 Rc7 18. c3 Bc6 19. Bd5 Nf4 20. Bxc6 Rxc6 21. g3 Ne6 22. Ndc4 Be7 23. Qd3 Nc7 24. Na3 h5 25. Rad1 h4 26. f4 hxg3 27. hxg3 exf4 28. gxf4 Bf6 29. c4 Rxb6 30. axb6 Ne6 31. Qe3 Qe8 32. Rxd6 Qa4 33. f5 Ng5 34. b5 a5 35. Rf2 Be5 36. Rd5 f6 37. Rxe5 fxe5 38. Qxg5 Qxa3 39. Rg2 Qa1+ 40. Kh2 Rf7 41. Qd8+ Rf8 42. Qd5+ Rf7 43. f6 g6 44. Rxg6+ Kf8 45. Qd8# 1-0


[Site "https://www.chess.com"]

[Event "Titled Tuesday Blitz March 29 Early 2022"]
[White "Papp, Petra"]
[Black "Manolache, Marius"]
[WhiteFideId "739049"]
[BlackFideId "1201530"]
[WhiteElo "2259"]
[BlackElo "2389"]
[Result "0-1"]
[Round "01"]
[TimeControl "180+1"]
[Date "2022.03.30"]
[WhiteClock "0:00:02"]
[BlackClock "0:00:02"]

1. d4 Nf6 2. c4 c5 3. d5 e6 4. Nc3 d6 5. Nf3 Be7 6. e4 O-O 7. Bd3 Re8 8. O-O a6 9. a4 Nbd7 10. h3 Nf8 11. dxe6 Nxe6 12. Re1 b6 13. Qc2 Bb7 14. b3 Rc8 15. Bb2 h6 16. Rad1 Qc7 17. Nd5 Bxd5 18. exd5 Nf8 19. Nd2 N6d7 20. Bf5 Rcd8 21. Re2 Bf6 22. Rde1 Qb8 23. Bxf6 Nxf6 24. Ne4 Nxe4 25. Bxe4 Nd7 26. f4 Nf6 27. Bf3 b5 28. cxb5 axb5 29. a5 Qa7 30. Rxe8+ Nxe8 31. Qa2 Nc7 32. Kh2 Re8 33. Rxe8+ Nxe8 34. a6 Nc7 35. Qa5 Kf8 36. Be2 Ke7 37. Bxb5 Nxd5 38. f5 Nb4 39. Bc4 d5 40. Be2 d4 41. Qb5 Kd6 42. Bc4 Qc7 43. Qe8 d3 44. Qf8+ Kc6+ 45. Kg1 d2 46. Qe8+ Kb6 47. Qb5+ Ka7 48. Be2 Qe7 49. Qc4 Kb6 50. Kh1 Qd7 51. Qg4 f6 52. Qf3 Nxa6 53. Kh2 Nb4 54. Qg4 Qd6+ 55. Kh1 Qe5 56. Qf3 Qd4 57. Qh5 Nc6 58. Kh2 Qe5+ 59. Kh1 Qe3 60. Bf3 Ne5 61. Bd1 Qe1+ 62. Kh2 Nc6 63. Qf3 Qe5+ 64. Kh1 Qe1+ 65. Kh2 Nd4 66. Qg4 Qe5+ 67. Kh1 h5 68. Qxh5 Qxf5 69. Qe8 Qe5 70. Qd8+ Kb5 71. Qb8+ Qxb8 0-1


[Site "https://www.chess.com"]

[Event "Titled Tuesday Blitz March 29 Early 2022"]
[White "Paravyan, David"]
[Black "Kozin, Yuri"]
[WhiteFideId "4194985"]
[BlackFideId "4129920"]
[WhiteElo "2569"]
[BlackElo "2503"]
[Result "1-0"]
[Round "01"]
[TimeControl "180+1"]
[Date "2022.03.29"]
[WhiteClock "0:00:12"]
[BlackClock "0:00:13"]

1. e4 c5 2. Nf3 e6 3. d4 cxd4 4. Nxd4 a6 5. Nc3 Qc7 6. Bd3 Nc6 7. Nxc6 dxc6 8. O-O e5 9. f4 Nf6 10. Kh1 Bd6 11. f5 b5 12. a4 Rb8 13. axb5 axb5 14. Bg5 Be7 15. Qf3 h6 16. Be3 Bb7 17. Qg3 Kf8 18. b3 b4 19. Nb1 c5 20. Nd2 h5 21. Bg5 Nh7 22. Bxe7+ Qxe7 23. Nc4 Nf6 24. Ra7 Nd7 25. h3 h4 26. Qe3 Rh6 27. Rfa1 Rc6 28. Na5 Rc7 29. Bc4 Kg8 30. Bd5 Nf6 31. Rxb7 Rcxb7 32. Bxb7 Rxb7 33. Nxb7 Qxb7 34. Re1 Qc6 35. Kh2 c4 36. bxc4 Qxc4 37. Qd3 Qc6 38. Re2 Kh7 39. Qf3 Kg8 40. Qf2 Nh5 41. Qxh4 Nf4 42. Rd2 f6 43. Rd8+ Kf7 44. Qh8 Qc5 45. Qg8+ Ke7 46. Qe8# 1-0


[Site "https://www.chess.com"]

[Event "Titled Tuesday Blitz March 29 Early 2022"]
[White "Peatman, Carter"]
[Black "Gareyev, Timur"]
[WhiteFideId "2096480"]
[BlackFideId "14200937"]
[WhiteElo "2477"]
[BlackElo "2582"]
[Result "0-1"]
[Round "01"]
[TimeControl "180+1"]
[Date "2022.03.29"]
[WhiteClock "0:01:24"]
[BlackClock "0:01:21"]

1. d4 Nf6 2. Nf3 d6 3. Bf4 g6 4. e3 Bg7 5. h3 O-O 6. c3 Nc6 7. Bh2 Bf5 8. Be2 Re8 9. O-O e5 10. a4 exd4 11. exd4 Ne4 12. Nbd2 Qf6 13. Nxe4 Bxe4 14. Nd2 Bd5 15. Bc4 Bxc4 16. Nxc4 Re4 17. Qd2 Rae8 18. Rae1 Qf5 19. Bf4 Rxe1 20. Rxe1 Rxe1+ 21. Qxe1 Qxf4 0-1


[Site "https://www.chess.com"]

[Event "Titled Tuesday Blitz March 29 Early 2022"]
[White "Pein, Jonathan"]
[Black "Bachmann, Axel"]
[WhiteFideId "417092"]
[BlackFideId "3700488"]
[WhiteElo "2140"]
[BlackElo "2587"]
[Result "1-0"]
[Round "01"]
[TimeControl "180+1"]
[Date "2022.03.30"]
[WhiteClock "0:00:11"]
[BlackClock "0:00:02"]

1. e4 c5 2. Nf3 d6 3. Bb5+ Nd7 4. Ba4 Nf6 5. O-O a6 6. c3 Nxe4 7. Re1 Nf6 8. d4 cxd4 9. Bg5 e6 10. Nxd4 b5 11. Bb3 Nc5 12. Bd5 Bd7 13. Bxa8 Qxa8 14. Nf5 Nfe4 15. b4 Na4 16. Bh4 exf5 17. f3 Be6 18. fxe4 fxe4 19. Qd4 Be7 20. Bxe7 Kxe7 21. Nd2 Rc8 22. Nxe4 Qc6 23. Qxg7 Nxc3 24. Qg5+ Kf8 25. Qh6+ Ke7 26. Qf6+ Kf8 27. Ng5 Qb6+ 28. Kh1 Re8 29. Rxe6 Rxe6 30. Nxe6+ Ke8 31. Ng7+ Kf8 32. Qxc3 d5 33. Nf5 1-0


[Site "https://www.chess.com"]